 Dungeon Crawl Stone Soup version 0.19-a0-76-g295c512 (webtiles) character file.

2393 Lugonue the Unseen (level 9, -23/41 HPs)
             Began as a Spriggan Assassin on May 12, 2016.
             Was an Initiate of Sif Muna.
             Killed from afar by an ice dragon (38 damage)
             ... with a blast of cold
             ... on level 10 of the Dungeon.
             The game lasted 00:46:14 (6545 turns).

Lugonue the Unseen (Spriggan Assassin)              Turns: 6545, Time: 00:46:15

Health: -23/41     AC:  4    Str:  7    XL:     9   Next: 22%
Magic:  10/10      EV: 19    Int: 16    God:    Sif Muna [......]
Gold:   571        SH:  5    Dex: 19    Spells: 1 memorised, 4 levels left

rFire  . . .     SeeInvis +     b - +1 blowgun
rCold  . . .     Gourm    .     K - +0 robe
rNeg   . . .     Faith    .     E - +0 buckler
rPois  .         Spirit   .     (helmet restricted)
rElec  .         Dismiss  .     d - +1 cloak
rCorr  .         Reflect  .     (gloves unavailable)
SustAt .         Harm     .     (boots unavailable)
MR     +....                    (no amulet)
Stlth  ++++++++..               (no ring)
                                n - +2 ring of dexterity

@: very quick, somewhat resistant to hostile enchantments, extraordinarily
stealthy
A: unfitting armour, see invisible, herbivore 3, speed 3, slow metabolism 2
a: Renounce Religion


You were on level 10 of the Dungeon.
You worshipped Sif Muna.
Sif Muna was noncommittal.
You were not hungry.

You visited 2 branches of the dungeon, and saw 11 of its levels.
You also visited: Sewer and Ossuary.

You collected 571 gold pieces.

Inventory:

Hand Weapons
 a - a +5 dagger of draining
 b - a +1 blowgun (weapon)
 J - a +2 dagger
Missiles
 e - 47 poisoned needles (quivered)
Armour
 d - a +1 cloak (worn)
 E - a +0 buckler (worn)
 K - a +0 robe (worn)
Jewellery
 n - a +2 ring of dexterity (left hand)
Wands
 y - a wand of enslavement (8/24)
 D - a wand of polymorph (9/24)
 F - a wand of polymorph (10/24)
 L - a wand of disintegration (15/24)
Scrolls
 h - 5 scrolls of blinking
 o - a scroll of immolation
 x - 5 scrolls of fog
 z - a scroll of remove curse
 A - a scroll of fear
Potions
 c - a potion of haste
 i - a potion of lignification {unknown}
 j - 2 potions of resistance
 l - a potion of curing
 m - 2 potions of ambrosia {unknown}
 r - a potion of agility {unknown}
 s - 2 potions of flight {unknown}
 t - a potion of mutation {unknown}
 v - 2 potions of heal wounds {unknown}
 w - a potion of beneficial mutation {unknown}
 B - 2 potions of cure mutation {unknown}
 C - a potion of brilliance {unknown}
 G - a potion of invisibility {unknown}
 H - a potion of might {unknown}
Books
 u - a book of the Sky

   Spells                             Type                      Level
   a - Summon Lightning Spire         Summoning/Air                4
   b - Airstrike                      Air                          4
   c - Silence                        Hexes/Air                    5
   d - Deflect Missiles               Charms/Air                   6
   e - Conjure Ball Lightning         Conjuration/Air              6
   f - Tornado                        Air                          9
 I - an Akashic Record

   Spells                             Type                      Level
   a - Dispersal                      Translocation                6
   b - Malign Gateway                 Summoning/Translocation      7
   c - Disjunction                    Translocation                8
   d - Controlled Blink               Translocation                8
Comestibles
 f - a slice of pizza
 g - 9 bread rations
 q - 5 fruits


   Skills:
 - Level 1.5 Fighting
 + Level 2.5 Short Blades
 - Level 2.0 Throwing
 + Level 4.0 Dodging
 + Level 17.8 Stealth


You had 4 spell levels left.
You knew the following spells:

 Your Spells              Type           Power        Failure   Level  Hunger
a - Airstrike             Air            #.........   100%        4    #####..


Dungeon Overview and Level Annotations

Branches:
Dungeon (10/15)            Temple (1/1) D:5
   Lair: D:8-11         Orc: D:9-12

Altars:
Ashenzari
Cheibriados
Dithmenos
Elyvilon
Kikubaaqudgha
Makhleb
Nemelex Xobeh
Okawaru
Pakellas
Qazlal
Ru
Sif Muna
Trog
Yredelemnul
Zin
The Shining One

Shops:
D:6 (

Annotations:
D:2 Terence


Innate Abilities, Weirdness & Mutations

You are tiny and cannot use many weapons and most armour.
You have supernaturally acute eyesight.
You are a herbivore.
You cover ground extremely quickly.
You need consume almost no food.


Message History

The needle of sleeping hits the ice dragon.
The ice dragon resists.
Firing (i - inventory. (,) - cycle):
k - 2 needles of sleeping (quivered)
Press: ? - help, Shift-Dir - straight line, f/p - ice dragon
Aim: an ice dragon (catching its breath)
You shoot a needle of sleeping.
The needle of sleeping hits the ice dragon.
The ice dragon resists.
Firing (i - inventory. (,) - cycle):
k - a needle of sleeping (quivered)
Press: ? - help, Shift-Dir - straight line, f/p - ice dragon
Aim: an ice dragon You shoot a needle of sleeping.
The needle of sleeping hits the ice dragon.
The ice dragon resists.
Drink which item? (? for menu, Esc to quit)
You feel better. The ice dragon breathes frost at you.
The blast of cold hits you!
Ouch! That really hurt!
You die...

##......# #...(..#
##....## ##..## ##
#..# . ##D# #.# ##
#.## .. #.@# ##.#
########## #.#
####......... #.#
#....########
#.####.##....[....
#...##.##.########
###....##.#
#######.# ##.#


You could see an ice dragon.

Vanquished Creatures
  Pikel (D:7)
  Joseph (D:8)
  A hippogriff (D:7)
  Purgy (Sewer)
  An ice beast (D:9)
  A sky beast (D:7)
  3 ogres
  A centaur (D:7)
  4 giant frogs
  A scorpion (D:4)
  A howler monkey (D:5)
  3 crimson imps (D:8)
  A giant frog zombie (D:5)
  A quasit (D:5)
  3 hounds
  A worker ant (D:4)
  2 mummies (Ossuary)
  3 gnolls (D:2)
  8 adders
  A shadow imp (D:5)
  2 adder zombies
  2 worms
  2 dart slugs
  4 giant geckos
  9 orcs
  2 ball pythons
  9 bats
  5 giant cockroaches
  A gnoll zombie (Ossuary)
  3 goblins
  2 hobgoblins
  6 jackals
  2 quokkas (D:8)
  3 giant newts
  6 kobolds
  A quokka skeleton (D:4)
  7 rats
105 creatures vanquished.

Vanquished Creatures (collateral kills)
  A big kobold zombie (Ossuary)
  3 mummies (Ossuary)
  A hobgoblin zombie (Ossuary)
  A kobold zombie (Ossuary)
  3 orc zombies (Ossuary)
9 creatures vanquished.

Vanquished Creatures (others)
  A hound (D:7)
  A worker ant (D:7)
  3 mummies (Ossuary)
  A gnoll zombie (Ossuary)
6 creatures vanquished.

Grand Total: 120 creatures vanquished

Notes
Turn   | Place    | Note
--------------------------------------------------------------
     0 | D:1      | Lugonue the Spriggan Assassin began the quest for the Orb.
     0 | D:1      | Reached XP level 1. HP: 10/10 MP: 2/2
    75 | D:1      | Reached skill level 6 in Stealth
   381 | D:1      | Reached XP level 2. HP: 14/14 MP: 3/3
   701 | D:2      | Reached skill level 7 in Stealth
   794 | D:2      | Reached XP level 3. HP: 14/18 MP: 4/4
   865 | D:2      | Reached skill level 8 in Stealth
  1117 | D:3      | Noticed Terence
  1184 | D:2      | Reached XP level 4. HP: 22/22 MP: 5/5
  1558 | D:4      | Reached skill level 9 in Stealth
  1579 | D:4      | Reached XP level 5. HP: 25/25 MP: 6/6
  1597 | D:4      | Reached skill level 10 in Stealth
  1666 | D:5      | Entered Level 5 of the Dungeon
  1989 | D:5      | Found a staircase to the Ecumenical Temple.
  1998 | Temple   | Entered the Ecumenical Temple
  2014 | Temple   | Became a worshipper of Sif Muna the Loreminder
  2124 | D:5      | Found a white marble altar of Elyvilon.
  2124 | D:5      | Found a bloodstained altar of Trog.
  2171 | D:5      | Found a glowing drain.
  2223 | D:5      | Reached skill level 11 in Stealth
  2223 | D:5      | Reached XP level 6. HP: 30/30 MP: 7/7
  2607 | Sewer    | Entered a sewer
  2971 | Sewer    | Noticed Purgy
  2973 | Sewer    | Killed Purgy
  2973 | Sewer    | Reached skill level 12 in Stealth
  3135 | D:5      | Reached XP level 7. HP: 30/33 MP: 8/8
  3321 | D:6      | Reached skill level 13 in Stealth
  3418 | D:6      | Found Tinn's Antique Weapon Shop.
  3505 | D:6      | Found a sand-covered staircase.
  3511 | Ossuary  | Entered an ossuary
  3775 | D:6      | Found a basalt altar of Yredelemnul.
  3821 | D:6      | Reached skill level 14 in Stealth
  3851 | D:7      | Found a glowing silver altar of Zin.
  3878 | D:7      | Noticed Pikel
  3886 | D:7      | Killed Pikel
  3886 | D:7      | Reached skill level 15 in Stealth
  3886 | D:7      | Reached XP level 8. HP: 37/37 MP: 9/9
  4006 | D:7      | Reached skill level 16 in Stealth
  4171 | D:9      | Found a shattered altar of Ashenzari.
  4264 | D:9      | Noticed a hill giant
  4386 | D:10     | Entered Level 10 of the Dungeon
  4484 | D:10     | Noticed a hill giant
  4780 | D:7      | Reached skill level 17 in Stealth
  5458 | D:9      | Found a snail-covered altar of Cheibriados.
  5472 | D:8      | Learned a level 4 spell: Airstrike
  5496 | D:8      | Found an iron altar of Okawaru.
  5638 | D:8      | Reached XP level 9. HP: 32/41 MP: 10/10
  5828 | D:8      | Noticed Joseph
  5847 | D:8      | Killed Joseph
  6523 | D:10     | Noticed an ice dragon
  6545 | D:10     | Killed from afar by an ice dragon

Vault maps used:
D:1:      minmay_arrival_four_loops
D:3:      uniq_terence
D:4:      serial_shops, shop, tgw_sif
D:5:      grunt_temple_overflow_open, temple_fountains, first_bread,
          basic_altar, gup_sewer_entry_glass, kennysheep_generic_room_5
D:6:      overflow_temple_1_default, nicolae_ossuary_entry_plus, serial_shops,
          kennysheep_little_box
D:7:      vehumet_crystals, zin_academy, grunt_ogre_cave, uniq_pikel
D:8:      lemuel_upstairs_altar, kennysheep_mini_moat, uniq_joseph, uniq_erica
D:9:      slow_altar_1, tgw_xom, david_lair_shrubbed,
          cheibrodos_ashenzari_chains
D:10:     dragon1_lemuel
Temple:   temple_eino_lava_12
Sewer:    kennysheep_door_sewer
Ossuary:  ossuary_tomb_3

Skill      XL: |  1  2  3  4  5  6  7  8  9 |
---------------+----------------------------+-----
Stealth        | 6 7 8 9 11 12 15 17 | 17.8
Dodging        | 2 4 |  4.0
Fighting       | |  1.5
Short Blades   | |  2.5
Throwing       | |  2.0

Action                   |  1- 3 |  4- 6 |  7- 9 || total
-------------------------+-------+-------+-------++-------
Melee: Dagger            |    39 |    67 |   188 ||   294
 Fire: Blowgun           |    64 |   117 |    64 ||   245
Throw: Throwing net      |       |       |     2 ||     2
Evoke: Wand              |       |       |     7 ||     7
  Use: Scroll            |     9 |     6 |     9 ||    24
       Potion            |       |       |     2 ||     2
 Stab: Sleeping          |    10 |    18 |    22 ||    50
       Distracted        |       |       |     2 ||     2
  Eat: Fruit             |       |       |     3 ||     3
Armor: Robe              |    19 |    19 |    21 ||    59
Dodge: Dodged            |    48 |   114 |   104 ||   266
Block: Buckler           |       |       |    12 ||    12
